 Dungeon Crawl Stone Soup version 0.21.1-1-g345015f (webtiles) character file.

14198 robertstho the Grappler (level 11, -1/107 HPs)
             Began as a Troll Berserker on Feb 7, 2018.
             Was a High Priest of Trog.
             Slain by a komodo dragon (8 damage)
             ... on level 1 of the Lair of Beasts.
             The game lasted 00:33:44 (8934 turns).

robertstho the Grappler (Troll Berserker)           Turns: 8934, Time: 00:33:44

Health: -1/107     AC: 10    Str: 27    XL:     11   Next: 85%
Magic:  10/10      EV: 14    Int:  3    God:    Trog [*****.]
Gold:   163        SH:  0    Dex: 12    Spells: 10/10 levels left

rFire    + + .     SeeInvis .   W - +5 war axe of the Warrior-Mage {chop, Fragile rF++ rN+ Stlth+}
rCold    + . .     Gourm    +   (no shield)
rNeg     + . .     Faith    .   y - +2 robe {MR+}
rPois    .         Spirit   .   i - +2 hat {MR+}
rElec    .         Reflect  .   x - +0 cloak
rCorr    .         Harm     .   (gloves unavailable)
MR       ++...     Rnd*Tele +   (boots unavailable)
Stlth    ++........             (no amulet)
HPRegen  0.67/turn              f - ring of teleportation (curse)
MPRegen  0.12/turn              X - ring of protection from cold

@: berserk cooldown, slowed, very slow
A: large, unfitting armour, claws 3, fast metabolism 3, gourmand, regeneration
1, shaggy fur 1, tough skin 2
a: Berserk, Trog's Hand, Brothers in Arms, Burn Spellbooks, Renounce Religion


You were on level 1 of the Lair of Beasts.
You worshipped Trog.
Trog was extremely pleased with you.
You were not hungry.

You visited 2 branches of the dungeon, and saw 12 of its levels.
You also visited: Sewer.

You collected 559 gold pieces.
You spent 396 gold pieces at shops.

Inventory:

Hand Weapons
 c - a +3 eveningstar
 g - a +0 whip of freezing
 q - a +2 antimagic glaive
 w - a +3 quarterstaff of chaos
 B - a +0 whip of flaming
 J - a +1 scimitar of flaming
 S - a +1 halberd of flaming
 U - a +0 quarterstaff of freezing
 W - the +5 war axe of the Warrior-Mage (weapon) {chop, Fragile rF++ rN+ Stlth+}
   (You found it on level 10 of the Dungeon)

   It inflicts extra damage upon your enemies.
   It greatly protects you from fire.
   It protects you from negative energy.
   It will be destroyed if unequipped.
   It makes you more stealthy.
Missiles
 t - 89 bolts
Armour
 i - a +2 hat of magic resistance (worn)
 x - a +0 cloak (worn)
 y - a +2 robe of magic resistance (worn)
 C - a +2 robe of fire resistance
 K - a +2 robe of positive energy
 V - a +1 robe of cold resistance
Jewellery
 f - a cursed ring of teleportation (left claw)
 T - an uncursed ring of ice
 X - a ring of protection from cold (right claw)
Wands
 s - a wand of disintegration (15)
 M - a wand of polymorph (27)
 R - a wand of iceblast (5)
Scrolls
 a - a scroll of holy word {unknown}
 h - a scroll of random uselessness {unknown}
 k - 2 scrolls of noise {unknown}
 m - 5 scrolls of teleportation
 o - 4 scrolls of immolation {unknown}
 p - 3 scrolls of remove curse {unknown}
 u - 2 scrolls of magic mapping {unknown}
 F - a scroll of fear {unknown}
 G - a scroll of enchant weapon {unknown}
 H - a scroll of fog
 L - 3 scrolls of enchant armour
 Q - a scroll of blinking
Potions
 d - 2 potions of agility
 l - 11 potions of curing
 n - 2 potions of mutation
 r - 5 potions of flight
 v - a potion of berserk rage
 z - 2 potions of resistance
 A - 2 potions of degeneration
 D - a potion of cancellation
 E - 2 potions of lignification
 O - 2 potions of might
Books
 I - a book of Conjurations

   Spells                             Type                      Level
   a - Magic Dart                     Conjuration                  1
   b - Searing Ray                    Conjuration                  2
   c - Dazzling Spray                 Conjuration/Hexes            3
   d - Fulminant Prism                Conjuration/Hexes            4
   e - Force Lance                    Conjuration/Translocation    4
   f - Iskenderun's Mystic Blast      Conjuration                  4
   Trog disapproves of the use of such an item.
 N - a book of Changes

   Spells                             Type                      Level
   a - Beastly Appendage              Transmutation                1
   b - Sticks to Snakes               Transmutation                2
   c - Spider Form                    Transmutation/Poison         3
   d - Ice Form                       Ice/Transmutation            4
   e - Blade Hands                    Transmutation                5
   Trog disapproves of the use of such an item.
Comestibles
 b - 16 rations


   Skills:
 * Level 6.6 Fighting
 + Level 3.3 Axes
 * Level 8.1 Dodging
 * Level 14.4 Unarmed Combat
 + Level 0.2 Evocations


You had 10 spell levels left.
You didn't know any spells.

Dungeon Overview and Level Annotations

Branches:
Dungeon (11/15)            Temple (0/1) D:4            Lair (1/6) D:8
    Orc: D:9-12

Altars:
Ashenzari
Cheibriados
Elyvilon
Fedhas
Hepliaklqana
Kikubaaqudgha
Makhleb
Qazlal
Uskayaw
Vehumet
Wu Jian
The Shining One

Shops:
D:4 (   D:6 %   D:9 !


Innate Abilities, Weirdness & Mutations

You are too large for most types of armour.
You have claws for hands.
Your metabolism is lightning-fast.
You like to eat raw meat.
Your natural rate of healing is unusually fast.
You are covered in fur. (AC +1)
You have very tough skin. (AC +2)


Message History

The basilisk gazes at you. You resist with almost no effort.
The komodo dragon barely misses you.
You slash the komodo dragon!
The komodo dragon is heavily wounded.
You slash the basilisk!
You kill the basilisk!
Trog accepts your kill.
You hit the fungus. The komodo dragon misses you.
The komodo dragon barely misses you.
You slash the komodo dragon!
The komodo dragon is severely wounded.
You hit the fungus. The komodo dragon bites you!!
* * * LOW HITPOINT WARNING * * *
The komodo dragon completely misses you.
You completely miss the komodo dragon.
The komodo dragon is severely wounded.
You hit the fungus. The komodo dragon bites you!!
* * * LOW HITPOINT WARNING * * *
The komodo dragon bites you!
You die...

#. #.#.........P# ##..#
.........P.#?##. #....
........#...... ##..#
#......#.#..# ...#.
#..........# #.l#..
#.$......P.# #..#..
#....††l...# ....##
##..>.†@P...# #..##
#......####.#### ###.##
#....##†# #..#.####P....
##..###.####............#
.....................#.##
##..####P#...........†.##
#.. ####.#..#.........
#.. ####.#.....####
#).#########...#..###


You could see a komodo dragon.

Vanquished Creatures
  Gastronok (D:10)
  Fannar (D:10)
  A two-headed ogre (D:10)
  Erica (D:8)
  The ghost of mdefp the Fighter, a novice MiBe of Trog (D:9)
  The ghost of apoch the Spear-Bearer, a novice MfGl (D:7)
  Pikel (D:6)
  The ghost of Maimakterion the Basher, a novice MiFi of Okawaru (D:6)
  A deep elf mage (D:10)
  Grinder (D:6)
  Prince Ribbit (D:6)
  A meliai zombie (D:10)
  A spriggan (D:10)
  2 hippogriffs
  6 yaks (Lair:1)
  Grum (D:10)
  A human (D:10)
  4 wyverns (D:8)
  2 basilisks
  A steam dragon (D:8)
  Menkaure (D:5)
  3 water moccasins
  Duvessa (D:6)
  A porcupine (Lair:1)
  2 orc warriors
  A slave (D:6)
  A sky beast (D:6)
  An eye of draining (D:10)
  5 ice beasts
  A phantom (D:4)
  4 ogres
  2 centaurs
  3 wolves (D:10)
  2 crocodiles (D:8)
  A big kobold (Sewer)
  Blork the orc (D:6)
  4 bullfrogs
  Dowan (D:6)
  A wyvern zombie (D:6)
  2 scorpions
  A water moccasin skeleton (D:7)
  10 killer bees
  4 wights (D:9)
  3 howler monkeys
  2 crimson imps
  A jelly (D:5)
  2 bullfrog zombies (D:5)
  6 orc wizards
  Crazy Yiuf (D:5)
  3 orc priests (D:4)
  3 bullfrog skeletons
  2 hounds
  A centaur skeleton (D:5)
  Jessica (D:2)
  Natasha (twice) (D:2)
  5 iguanas
  5 worker ants
  2 killer bee zombies
  A hound skeleton (D:8)
  9 adders
  3 river rats
  3 shadow imps
  An ooze (D:1)
  4 adder skeletons
  9 worms
  2 dart slugs (D:1)
  2 leopard geckos
  36 orcs
  4 ball pythons
  7 bats
  7 giant cockroaches
  6 goblins
  6 hobgoblins
  11 jackals
  6 quokkas
  6 frilled lizards
  A jackal zombie (D:5)
  14 kobolds
  A leopard gecko skeleton (D:8)
  2 quokka skeletons
  A quokka zombie (D:7)
  10 rats
  2 fungi (D:5)
276 creatures vanquished.

Vanquished Creatures (others)
  A water moccasin skeleton (D:6)
  A hound (D:6)
  An iguana (D:6)
3 creatures vanquished.

Grand Total: 279 creatures vanquished

Notes
Turn   | Place    | Note
-------+----------+-------------------------------------------
     0 | D:1      | robertstho the Troll Berserker began the quest for the Orb.
     0 | D:1      | Reached XP level 1. HP: 22/22 MP: 0/0
   160 | D:1      | Reached XP level 2. HP: 25/29 MP: 1/1
   460 | D:1      | Reached ** piety under Trog
   494 | D:1      | Reached XP level 3. HP: 36/36 MP: 2/2
   849 | D:2      | Noticed Jessica
   852 | D:2      | Killed Jessica
   852 | D:2      | Reached skill level 4 in Unarmed Combat
   852 | D:2      | Reached XP level 4. HP: 44/44 MP: 3/3
   873 | D:2      | Noticed Natasha
   885 | D:2      | Killed Natasha
  1035 | D:2      | Noticed Natasha
  1039 | D:2      | Killed Natasha
  1039 | D:2      | Reached XP level 5. HP: 34/53 MP: 4/4
  1570 | D:3      | Reached *** piety under Trog
  1571 | D:3      | Reached skill level 5 in Unarmed Combat
  1631 | D:3      | Found a glowing drain.
  1642 | Sewer    | Entered a sewer
  1722 | Sewer    | Reached XP level 6. HP: 60/61 MP: 5/5
  1747 | Sewer    | Found a glowing silver altar of Zin.
  2442 | D:4      | Reached skill level 6 in Unarmed Combat
  2480 | D:4      | Found a burning altar of Makhleb.
  2480 | D:4      | Found a white marble altar of Elyvilon.
  2481 | D:4      | Found a radiant altar of Vehumet.
  2507 | D:4      | Reached XP level 7. HP: 59/67 MP: 6/6
  2553 | D:4      | Found a stormy altar of Qazlal.
  2620 | D:4      | Found Paskaxir's Antique Weapon Shoppe.
  2636 | D:4      | Reached skill level 7 in Unarmed Combat
  2646 | D:4      | Found an ornate altar of the Wu Jian Council.
  2785 | D:4      | Reached **** piety under Trog
  2799 | D:4      | Found a staircase to the Ecumenical Temple.
  2907 | D:5      | Entered Level 5 of the Dungeon
  3130 | D:5      | Found a hide-covered altar of Uskayaw.
  3166 | D:5      | Reached skill level 8 in Unarmed Combat
  3268 | D:5      | Reached XP level 8. HP: 72/76 MP: 7/7
  3781 | D:5      | Noticed Menkaure
  3787 | D:5      | Killed Menkaure
  3787 | D:5      | Reached skill level 9 in Unarmed Combat
  4238 | D:5      | Found a runed door.
  4242 | D:5      | Noticed Crazy Yiuf
  4245 | D:5      | Killed Crazy Yiuf
  4345 | D:6      | Noticed Duvessa
  4346 | D:6      | Noticed Dowan
  4346 | D:6      | Noticed Prince Ribbit
  4355 | D:6      | Killed Duvessa
  4355 | D:6      | Reached skill level 5 in Dodging
  4360 | D:6      | Killed Dowan
  4364 | D:6      | Killed Prince Ribbit
  4511 | D:6      | Reached XP level 9. HP: 82/84 MP: 8/8
  4536 | D:6      | Noticed Maimakterion's ghost (novice MiFi)
  4544 | D:6      | Killed Maimakterion's ghost
  4544 | D:6      | Reached skill level 10 in Unarmed Combat
  4546 | D:6      | Noticed Blork the orc
  4557 | D:6      | Killed Blork the orc
  4580 | D:6      | Noticed Grinder
  4592 | D:6      | Killed Grinder
  4765 | D:6      | Found Rihachec's Food Shop.
  4816 | D:6      | Noticed Pikel
  4825 | D:6      | Killed Pikel
  4825 | D:6      | Reached skill level 11 in Unarmed Combat
  5072 | D:6      | Found a hazy altar of Hepliaklqana.
  5369 | D:7      | Noticed apoch's ghost (novice MfGl)
  5377 | D:7      | Killed apoch's ghost
  5377 | D:7      | Reached skill level 12 in Unarmed Combat
  5377 | D:7      | Reached XP level 10. HP: 94/94 MP: 9/9
  5639 | D:7      | Found a blossoming altar of Fedhas.
  5639 | D:7      | Found an ancient bone altar of Kikubaaqudgha.
  5719 | D:7      | Found a shattered altar of Ashenzari.
  5968 | D:8      | Noticed Erica
  5975 | D:8      | Killed Erica
  5975 | D:8      | Reached ***** piety under Trog
  5975 | D:8      | Reached skill level 5 in Fighting
  6173 | D:8      | Found a glowing golden altar of the Shining One.
  6376 | D:8      | Found a snail-covered altar of Cheibriados.
  6522 | D:8      | Reached skill level 13 in Unarmed Combat
  6710 | D:8      | Found a staircase to the Lair.
  6907 | D:9      | Found Piogu's Distillery.
  6916 | D:9      | Bought a potion of curing for 36 gold pieces
  6916 | D:9      | Bought a potion of might for 48 gold pieces
  6916 | D:9      | Bought 2 potions of heal wounds for 120 gold pieces
  6916 | D:9      | Bought a potion of lignification for 36 gold pieces
  6916 | D:9      | Bought a potion of heal wounds for 60 gold pieces
  6916 | D:9      | Bought a potion of curing for 36 gold pieces
  6916 | D:9      | Bought a potion of agility for 48 gold pieces
  6916 | D:9      | Bought a potion of degeneration for 12 gold pieces
  6990 | D:9      | Noticed mdefp's ghost (novice MiBe)
  6999 | D:9      | Killed mdefp's ghost
  7015 | D:9      | Reached XP level 11. HP: 72/104 MP: 10/10
  7454 | D:10     | Entered Level 10 of the Dungeon
  7456 | D:10     | Noticed Fannar
  7468 | D:10     | Killed Fannar
  7522 | D:9      | Reached skill level 14 in Unarmed Combat
  7651 | D:10     | Got a shimmering war axe
  7652 | D:10     | Identified the +5 war axe of the Warrior-Mage {chop, Fragile rF++ rN+ Stlth+} (You found it on level 10 of the Dungeon)
  7741 | D:10     | Received a gift from Trog
  7756 | D:10     | Noticed a two-headed ogre
  7899 | D:10     | Noticed a deep elf mage
  7911 | D:10     | Killed a deep elf mage
  7944 | D:10     | Noticed Gastronok
  7959 | D:10     | Killed Gastronok
  7969 | D:10     | Noticed Grum
  8000 | D:10     | Killed Grum
  8183 | D:10     | Killed a two-headed ogre
  8467 | D:11     | HP: 3/105 [something (9)]
  8733 | Lair:1   | Entered Level 1 of the Lair of Beasts
  8934 | Lair:1   | Slain by a komodo dragon

Skill      XL: |  1  2  3  4  5  6  7  8  9 10 11 |
---------------+----------------------------------+-----
Dodging        | 3 4 5 6 7 8 |  8.1
Unarmed Combat | 4 5 6 8 9 12 13 14 | 14.4
Fighting       | 3 4 5 6 |  6.6
Axes           | 3 |  3.3
Evocations     | |  0.2

Action                   |  1- 3 |  4- 6 |  7- 9 | 10-12 || total
-------------------------+-------+-------+-------+-------++-------
Melee: Unarmed           |    82 |   170 |   221 |   185 ||   658
       Punch             |     1 |     5 |    13 |    25 ||    44
       Scimitar          |       |       |       |     3 ||     3
       War axe           |       |       |       |   109 ||   109
Invok: Berserk           |       |       |     8 |    12 ||    20
       Trog's Hand       |       |       |     2 |     4 ||     6
       Brothers in Arms  |       |       |       |     1 ||     1
Evoke: Wand              |       |       |       |     6 ||     6
  Use: Scroll            |       |       |       |    11 ||    11
       Potion            |       |       |       |     5 ||     5
 Stab: Sleeping          |       |     1 |       |     1 ||     2
  Eat: Chunk             |    13 |    16 |    25 |    37 ||    91
       Ration            |       |       |       |     4 ||     4
Armor: Animal skin       |    42 |    44 |    46 |       ||   132
       Robe              |       |       |    23 |   139 ||   162
Dodge: Dodged            |    48 |    80 |   128 |   221 ||   477
